 Dungeon Crawl Stone Soup version 0.28.0-45-g0d030f2227 (webtiles) character file.

Game seed: 15928026769833880804

96308 H0rd4k the Sorcerer (level 15, 0/70 (77) HPs)
             Began as a Deep Elf Hedge Wizard on Apr 7, 2022.
             Was an Initiate of Gozag.
             Slain by a pharaoh ant (23 damage)
             ... on level 1 of the Spider Nest on Apr 8, 2022.
             The game lasted 01:48:57 (46203 turns).

H0rd4k the Sorcerer (Deep Elf Hedge Wizard)        Turns: 46203, Time: 01:48:58

HP:   0/70 (77)     AC:  9    Str:  7    XL:     15   Next: 68%
MP:   0/47          EV:  8    Int: 30    God:    Gozag
Gold: 987           SH:  0    Dex: 18    Spells: 20/57 levels left

rFire   + . .      SeeInvis +   N - +6 spear "Uraliopo" {vorpal, rPois rF+ rCorr}
rCold   . . .      Faith    .   (no shield)
rNeg    . . .      Spirit   +   d - +4 moon troll leather armour {Spirit, Regen++ MP+5}
rPois   +          Reflect  .   c - +1 hat
rElec   .          Harm     .   D - scarf {+Inv}
rCorr   +          Rampage  .   (no gloves)
Will    +....                   (no boots)
Stlth   +++.......              F - amulet of regeneration
HPRegen 2.61/turn               i - ring of wizardry
MPRegen 0.30/turn               C - ring "Zotop" {Wiz Contam Int+3 Dex+4 SInv}

@: held, drained
A: no striking features
a: Renounce Religion, Evoke Invisibility, Potion Petition, Call Merchant, Bribe
Branch


You were on level 1 of the Spider Nest.
You worshipped Gozag.
Gozag was pleased with you.
You visited 6 branches of the dungeon, and saw 23 of its levels.
You also visited: Bailey.

You collected 7065 gold pieces.
You spent 1992 gold pieces at shops.
You paid 4086 gold pieces to Gozag.

Inventory:

Hand Weapons
 a - the +4 dagger of Dismemberment {spect, rCorr Int+3}
   (You bought it in a shop on level 2 of the Orcish Mines)

   When its wielder attacks, the weapon's spirit leaps out and strikes again.
   The spirit shares a part of any damage it takes with its wielder.
   Int:       It affects your intelligence (+3).
   rCorr:     It protects you from acid and corrosion.
 u - the +9 shortbow of Reulupp {flame, rPois rF+}
   (You bought it in a shop on level 2 of the Orcish Mines)

   Any ammunition fired from it burns those it strikes, dealing additional fire
   damage.
   rF:        It protects you from fire.
   rPois:     It protects you from poison.
 N - the +6 spear "Uraliopo" (weapon) {vorpal, rPois rF+ rCorr}
   (You bought it in a shop on level 9 of the Dungeon)

   It inflicts extra damage upon your enemies.
   rF:        It protects you from fire.
   rPois:     It protects you from poison.
   rCorr:     It protects you from acid and corrosion.
Armour
 c - a +1 hat (worn)
 d - the +4 moon troll leather armour (worn) {Spirit, Regen++ MP+5}
   (You acquired it on level 5 of the Dungeon)

   MP:        It affects your magic capacity (+5).
   Regen:     It increases your rate of health regeneration.
 l - the +1 leather armour "Jeijonamira" {rF+++ Will+ Int+2 Dex-5}
   (You bought it in a shop on level 2 of the Orcish Mines)

   Int:       It affects your intelligence (+2).
   Dex:       It affects your dexterity (-5).
   rF:        It renders you almost immune to fire.
   Will:      It increases your willpower.
 s - the +1 robe of Slovenliness {Harm rN+ Stlth+}
   (You found it on level 5 of the Dungeon)

   rN:        It protects you from negative energy.
   Harm:      It increases damage dealt and taken.
   Stlth:     It makes you more stealthy.
 D - a scarf of invisibility (worn)
Magical Staves
 E - a staff of fire
 G - a staff of death
 R - a staff of poison
 T - a staff of earth
Jewellery
 f - a ring of willpower
 g - a ring of flight
 i - a ring of wizardry (left hand)
 m - a +6 ring of strength
 r - a +6 ring of dexterity
 v - the ring "Teosoawuu" {Ice rN+}
   (You found it on level 5 of the Dungeon)

   [ring of ice]

   It enhances your ice magic.
   rF:        It makes you vulnerable to fire.
   rC:        It protects you from cold.
   rN:        It protects you from negative energy.
 x - a ring of protection from fire
 z - a +4 ring of evasion
 C - the ring "Zotop" (right hand) {Wiz Contam Int+3 Dex+4 SInv}
   (You found it on level 3 of the Lair of Beasts)

   [ring of wizardry]

   It improves your spell success rate.
   Int:       It affects your intelligence (+3).
   Dex:       It affects your dexterity (+4).
   SInv:      It lets you see invisible.
   Contam:    It causes magical contamination when unequipped.
 F - an amulet of regeneration (around neck)
 I - the ring "Qorom" {Drain +Blink Fly EV+4}
   (You bought it in a shop on level 2 of the Orcish Mines)

   [ring of evasion]

   EV:        It affects your evasion (+4).
   Fly:       It grants you flight.
   +Blink:    It lets you blink.
   Drain:     It drains your maximum health when unequipped.
 M - a ring of poison resistance
Wands
 e - a wand of acid (2)
 H - a wand of flame (26)
 S - a wand of paralysis (2)
Scrolls
 b - a scroll of torment {unknown}
 j - a scroll of magic mapping
 q - 5 scrolls of fog
 t - 3 scrolls of enchant weapon
 y - 3 scrolls of teleportation
 K - a scroll of blinking {unknown}
 P - 4 scrolls of amnesia
 Q - a scroll of summoning
 V - a scroll of holy word {unknown}
Potions
 h - 6 potions of heal wounds
 k - 2 potions of flight
 n - a potion of resistance
 o - a potion of invisibility
 w - 2 potions of haste
 A - 3 potions of curing
 B - 2 potions of berserk rage {unknown}
 J - a potion of might
 L - 3 potions of lignification
 O - 2 potions of brilliance
 U - 2 potions of mutation
Miscellaneous
 p - a phantom mirror


   Skills:
 + Level 2.9 Fighting
 + Level 1.3(1.4) Short Blades
 + Level 0.5(1.0) Long Blades
 + Level 0.4(0.9) Axes
 + Level 0.3(0.6) Maces & Flails
 + Level 0.7(1.0) Polearms
 + Level 0.6(1.1) Staves
 + Level 0.9(1.0) Slings
 + Level 1.0 Bows
 + Level 0.5 Crossbows
 + Level 0.6(1.0) Throwing
 - Level 4.9 Armour
 + Level 9.1 Dodging
 + Level 4.9 Stealth
 + Level 0.4 Shields
 + Level 0.4 Unarmed Combat
 + Level 21.5 Spellcasting
 + Level 14.4 Conjurations
 * Level 2.8 Hexes
 * Level 2.3 Summonings
 + Level 0.9 Necromancy
 + Level 7.3 Translocations
 + Level 0.7 Transmutations
 + Level 6.6 Fire Magic
 + Level 2.8 Ice Magic
 + Level 4.3 Air Magic
 + Level 1.2 Earth Magic
 + Level 4.4 Poison Magic
 + Level 0.7 Invocations
 + Level 4.6 Evocations


You had 20 spell levels left.
You knew the following spells:

 Your Spells              Type           Power      Damage    Failure   Level
a - Magic Dart            Conj           100%       1d8       0%          1
b - Blink                 Tloc           100%       N/A       1%          2
c - Conjure Flame         Conj/Fire      77%        6-21      1%          3
d - Mephitic Cloud        Conj/Pois/Air  68%        N/A       1%          3
e - Ozocubu's Armour      Ice            49%        N/A       1%          3
f - Iskenderun's Mystic   Conj/Tloc      78%        2d16      1%          4
g - Dispersal             Tloc           33%        N/A       3%          6
h - Inner Flame           Hex/Fire       57%        N/A       1%          3
i - Summon Forest         Summ/Tloc      28%        N/A       1%          5
j - Summon Hydra          Summ           23%        N/A       73%         7

Your spell library contained the following spells:

 Spells                   Type           Power      Damage    Failure   Level
 Animate Skeleton         Necr           74%        N/A       1%          1
 Pain                     Necr           100%       1d9       1%          1
 Sandblast                Erth           78%        2d17      1%          1
 Slow                     Hex            100%       N/A       1%          1
 Call Imp                 Summ           46%        N/A       1%          2
 Passwall                 Tmut/Erth      31%        N/A       1%          2
 Gell's Gravitas          Tloc           67%        N/A       1%          3
 Stone Arrow              Conj/Erth      100%       3d13      1%          3
 Teleport Other           Tloc           67%        N/A       1%          3
 Vampiric Draining        Necr           37%        2d8       1%          3
 Cause Fear               Hex            24%        N/A       1%          4
 Petrify                  Tmut/Erth      38%        N/A       2%          4
 Metabolic Englaciation   Hex/Ice        24%        N/A       3%          5
 Borgnjor's Vile Clutch   Necr/Erth      19%        N/A       7%          5
 Eringya's Noxious Bog    Tmut/Pois      23%        N/A       21%         6
 Simulacrum               Ice/Necr       21%        N/A       26%         6
 Statue Form              Tmut/Erth      25%        N/A       36%         6
 Ozocubu's Refrigeration  Ice            24%        4d9       67%         7
 Discord                  Hex            24%        N/A       99%         8


Dungeon Overview and Level Annotations

Branches:
Dungeon (12/15)            Temple (1/1) D:7            Lair (6/6) D:11
  Swamp (1/4) Lair:2       Spider (1/4) Lair:3        Slime (0/5) Lair:5
    Orc (2/2) D:9             Elf (0/3) Orc:2        Bailey (visited)

Altars:
Ashenzari
Cheibriados
Dithmenos
Elyvilon
Fedhas
Gozag
Hepliaklqana
Kikubaaqudgha
Makhleb
Nemelex Xobeh
Okawaru
Qazlal
Ru
Sif Muna
Trog
Uskayaw
Vehumet
Wu Jian
Xom
Yredelemnul
Zin
The Shining One
Beogh
Jiyva

Shops:
D:1 :   D:6 !   D:8 =   D:9 ==(?*   Orc:2 *:(*[

Annotations:
D:3 exclusion: downstairs
D:5 exclusion: downstairs
D:7 exclusion: downstairs
D:8 exclusions: downstairs and gargoyle
D:9 2 transporters, exclusion: downstairs, DearestLeader's ghost, journeyman GnFi
D:11 exclusion: 2 downstairs
Lair:1 2 runed translucent doors, exclusions: 2 doors and 2 downstairs, DearestLeader's ghost, journeyman GnFi
Lair:2 exclusion: will-o-the-wisp
Lair:3 Rupert
Lair:4 exclusions: catoblepas and oklob plant
Lair:5 exclusion: 2 downstairs
Orc:1 exclusion: downstairs
Orc:2 exclusion: upstairs


Message History

The jumping spider is engulfed in blazing flames.
Flame seeps out of the jumping spider.
The magic dart hits the jumping spider but does no damage.
The jumping spider is heavily wounded.
The pharaoh ant is engulfed in blazing flames.
The magic dart hits the jumping spider.
Flame seeps out of the jumping spider.
The jumping spider is severely wounded.
The jumping spider is engulfed in blazing flames.
The jumping spider explodes!
You hear an angry hiss.
You hear a shout!
You hear an angry buzzing noise.
The pharaoh ant closely misses you.
The pharaoh ant bites you but does no damage.
The pharaoh ant barely misses you.
Casting: Magic Dart (safe; 0% risk of failure)
Confirm with . or Enter, or press ? or * to list all spells.
You erupt in a blast of force!
The mystic blast hits the pharaoh ant!
The pharaoh ant is heavily damaged.
The pharaoh ant is knocked back by the mystic blast.
A jorogumo comes into view.
Unknown command.
Unknown command.
The magic dart hits the pharaoh ant.
The pharaoh ant is severely damaged.
The jorogumo stares at you and mumbles some strange words.
The stream of webbing hits you but does no damage.
You are caught in a web!
You are caught in a web!
You struggle to detach yourself from the web.
The pharaoh ant bites you!!
You feel drained. The pharaoh ant bites you!!
You feel drained.
* * * LOW HITPOINT WARNING * * *
Unknown command.
Casting: Magic Dart (safe; 0% risk of failure)
Confirm with . or Enter, or press ? or * to list all spells.
You don't have enough magic to cast this spell.
Unknown command.
As you read the scroll of summoning, it crumbles to dust.
Wisps of shadow whirl around you... The pharaoh ant bites you!!
You die...
Your body crumbles into a pile of gold.

.. . . .#.. ...#
.##♣###############..#
.♣....$.$$......w...#
.............○°☼$..###
.♣......$.....@.H.$..#
..♣.........sBs§....##
.....$....$.$.....#.#
............#.....###
..##♣.$.$.^####..^# ..
........ ##....
#......... #.#...
...... #####. ... ..


You could see a jorogumo (ally target), a pharaoh ant (ally target), a friendly
steelbarb worm (summoned) and 2 friendly redbacks.

Vanquished Creatures
  An orc warlord (Orc:1)
  An eleionoma (Swamp:1)
  An ettin (Orc:2)
  10 hydras
  A boulder beetle (D:12)
  A jorogumo (Spider:1)
  An alligator (Lair:2)
  3 orc high priests (Orc:2)
  A deep troll earth mage (D:12)
  Urug (D:10)
  4 two-headed ogres
  Sonja (Lair:5)
  Nergalle (Lair:3)
  A goliath frog (Swamp:1)
  A swamp dragon (Lair:2)
  An orb spider (Spider:1)
  A lindwurm (Lair:6)
  5 orc knights
  A will-o-the-wisp (Lair:2)
  6 orc sorcerers
  3 manticores (D:12)
  An ugly thing (D:12)
  A cyclops (D:12)
  8 elephants
  Maurice (D:12)
  5 black mambas
  A torpor snail (Lair:2)
  A gargoyle (D:11)
  12 cane toads
  A kobold demonologist (D:11)
  7 komodo dragons
  A rime drake (Lair:1)
  2 unseen horrors (D:12)
  A tengu conjurer (D:12)
  4 trolls
  3 polar bears
  A slime creature (D:12)
  25 blink frogs
  2 hornets
  7 dream sheep
  The ghost of maxonian the Changer, an amateur OpTm (D:6)
  A jumping spider (Spider:1)
  5 wyverns
  3 wraiths
  2 vampires
  4 basilisks
  3 fire bats (Lair:6)
  45 yaks
  7 vampire mosquitoes
  2 redbacks
  A swamp worm (Lair:2)
  A warg (Orc:1)
  An acid dragon (D:12)
  15 water moccasins
  An ice beast (D:5)
  31 orc warriors
  2 black bears
  A necrophage (D:5)
  2 ogres
  5 centaurs
  23 wolves
  A gnoll sergeant (D:12)
  2 kobold brigands
  15 bullfrogs
  6 scorpions
  10 killer bees
  A water moccasin skeleton (D:5)
  6 wights
  4 howler monkeys
  A lava snake (Lair:6)
  A spectral centaur (D:6)
  6 centaur zombies
  A bullfrog zombie (D:7)
  13 orc priests
  Crazy Yiuf (D:4)
  5 hounds
  3 jellies (D:5)
  6 centaur skeletons
  A bullfrog skeleton (D:5)
  6 iguanas
  14 orc wizards
  4 killer bee zombies
  A centaur simulacrum (D:6)
  3 hound skeletons
  2 howler monkey zombies
  11 gnolls
  6 adders
  A howler monkey skeleton (D:6)
  A shadow imp (D:7)
  4 white imps
  An ufetubus (D:5)
  4 adder skeletons (D:4)
  3 worms
  A dart slug (D:1)
  73 orcs
  11 endoplasms
  4 giant cockroaches
  7 goblins
  7 hobgoblins
  3 jackals (D:3)
  13 kobolds
  2 quokkas
  6 ball pythons
  4 bats
  5 frilled lizards
  4 rats
570 creatures vanquished.

Vanquished Creatures (collateral kills)
  A hydra (Lair:1)
  2 tyrant leeches (Lair:2)
  A tarantella (Spider:1)
  A blink frog (Lair:2)
  2 orc warriors (Bailey)
  2 orcs (Bailey)
9 creatures vanquished.

Vanquished Creatures (others)
  A swamp worm (Lair:2)
  2 orc warriors (Bailey)
  6 bushes
  19 foxfires
  72 fungi
  75 plants
175 creatures vanquished.

Grand Total: 754 creatures vanquished

Notes
Turn   | Place    | Note
-------+----------+-------------------------------------------
     0 | D:1      | H0rd4k the Deep Elf Hedge Wizard began the quest for the
                  | Orb.
     0 | D:1      | Reached XP level 1. HP: 10/10 MP: 7/7
   217 | D:1      | Reached XP level 2. HP: 15/15 MP: 1/9
   218 | D:1      | Reached skill level 5 in Spellcasting
   583 | D:1      | Found Ponliuk's Book Emporium.
  1084 | D:2      | Reached XP level 3. HP: 19/19 MP: 4/11
  1087 | D:2      | Learned a level 2 spell: Blink
  1091 | D:2      | Learned a level 3 spell: Conjure Flame
  1095 | D:2      | Learned a level 3 spell: Mephitic Cloud
  1099 | D:2      | Learned a level 3 spell: Ozocubu's Armour
  1157 | D:2      | Found a shimmering altar of Xom.
  1294 | D:2      | Found a faded altar of an unknown god.
  1937 | D:3      | Found an iron altar of Okawaru.
  2146 | D:3      | Reached XP level 4. HP: 24/24 MP: 6/13
  2617 | D:3      | Identified the +0 scale mail of the Locust {+Blink}
  3018 | D:4      | Noticed an ogre
  3031 | D:4      | Killed an ogre
  3032 | D:4      | Reached skill level 1 in Short Blades
  3032 | D:4      | Reached skill level 6 in Spellcasting
  3032 | D:4      | Reached skill level 1 in Fire Magic
  3032 | D:4      | Reached skill level 1 in Air Magic
  3032 | D:4      | Reached skill level 1 in Poison Magic
  3032 | D:4      | Reached XP level 5. HP: 28/28 MP: 0/15
  3168 | D:4      | Reached skill level 1 in Ice Magic
  3946 | D:4      | Reached XP level 6. HP: 32/32 MP: 0/17
  4415 | D:4      | Found a runed translucent door.
  4416 | D:4      | Noticed Crazy Yiuf
  4545 | D:4      | Found a broken altar of Ashenzari.
  5017 | D:4      | Killed Crazy Yiuf
  5111 | D:5      | Entered Level 5 of the Dungeon
  5431 | D:5      | Noticed a water moccasin
  5748 | D:5      | Reached skill level 7 in Spellcasting
  5768 | D:5      | Identified the +1 robe of Slovenliness {Harm rN+ Stlth+}
  5863 | D:5      | Reached XP level 7. HP: 36/36 MP: 12/20
  6245 | D:5      | Identified the ring "Teosoawuu" {Ice rN+}
  6303 | D:5      | Reached skill level 8 in Spellcasting
  7053 | D:5      | Reached skill level 9 in Spellcasting
  7053 | D:5      | Reached skill level 5 in Conjurations
  7053 | D:5      | Reached XP level 8. HP: 42/42 MP: 12/23
  7194 | D:5      | Identified 2 scrolls of acquirement
  7194 | D:5      | Acquired the +4 moon troll leather armour {Spirit, Regen++
                  | MP+5}
  7194 | D:5      | Found the +4 moon troll leather armour {Spirit, Regen++
                  | MP+5}
  7954 | D:5      | Acquired 1099 gold pieces
  8083 | D:5      | Reached skill level 10 in Spellcasting
  9046 | D:6      | Reached skill level 1 in Armour
  9046 | D:6      | Reached XP level 9. HP: 45/46 MP: 22/25
  9276 | D:6      | Found a runed translucent gate.
  9276 | D:6      | Found a runed translucent gate.
  9276 | D:6      | Found a runed translucent gate.
  9277 | D:6      | Noticed maxonian's ghost (amateur OpTm)
  9288 | D:6      | Found Togotaca's Distillery.
  9674 | D:6      | Reached skill level 11 in Spellcasting
  9825 | D:7      | Noticed a troll
  9841 | D:7      | Killed a troll
  9999 | D:7      | Found a flagged portal.
 10022 | Bailey   | Entered a bailey
 10245 | Bailey   | Reached skill level 12 in Spellcasting
 10427 | Bailey   | Reached skill level 1 in Evocations
 10608 | Bailey   | Reached skill level 1 in Fighting
 11011 | Bailey   | Noticed an orc knight
 11026 | Bailey   | Killed an orc knight
 11027 | Bailey   | Reached XP level 10. HP: 44/52 MP: 13/28
 11115 | Bailey   | Identified the +11 battleaxe of the Walnut {flame, *Noise
                  | rC+ Stlth+}
 11115 | Bailey   | Noticed an orc knight
 11150 | Bailey   | Killed an orc knight
 11721 | D:7      | Reached skill level 13 in Spellcasting
 11727 | D:7      | Reached skill level 5 in Dodging
 11901 | D:7      | Found a staircase to the Ecumenical Temple.
 11914 | Temple   | Entered the Ecumenical Temple
 11975 | Temple   | Became a worshipper of Gozag Ym Sagoz the Greedy
 12431 | D:8      | Found a shimmering blue altar of Sif Muna.
 12549 | D:8      | Noticed a two-headed ogre
 12587 | D:8      | Killed a two-headed ogre
 13272 | D:8      | Noticed a gargoyle
 13277 | D:8      | Found Pestoux's Jewellery Shop.
 13900 | D:9      | Reached skill level 10 in Conjurations
 14409 | D:9      | Found a transporter.
 14410 | D:9      | Noticed DearestLeader's ghost (journeyman GnFi)
 14411 | D:9      | Noticed a two-headed ogre
 14411 | D:9      | Identified the +7 great mace of Shrieking Honour {speed,
                  | rPois rCorr MP+9 Str+4}
 14411 | D:9      | Noticed a two-headed ogre
 14412 | D:9      | Noticed a two-headed ogre
 14414 | D:9      | Found a transporter.
 14442 | D:9      | Found a staircase to the Orcish Mines.
 14536 | D:9      | Reached skill level 14 in Spellcasting
 14539 | D:9      | Reached XP level 11. HP: 56/56 MP: 20/31
 15435 | D:10     | Entered Level 10 of the Dungeon
 15441 | D:10     | Noticed a two-headed ogre
 15750 | D:10     | Noticed Urug
 15894 | D:10     | Killed Urug
 15958 | D:10     | Killed a two-headed ogre
 16195 | D:10     | Reached skill level 15 in Spellcasting
 16661 | D:9      | Bought a crude spear for 152 gold pieces
 16661 | D:9      | Identified the +6 spear "Uraliopo" {vorpal, rPois rF+
                  | rCorr} (You bought it in a shop on level 9 of the Dungeon)
 17565 | D:11     | You fall into a shaft and drop 1 floor!
 18113 | D:11     | Noticed a two-headed ogre
 18152 | D:11     | Killed a two-headed ogre
 18713 | D:11     | Found a staircase to the Lair.
 19517 | D:9      | Noticed a two-headed ogre
 19601 | D:12     | Noticed a white ugly thing
 19603 | D:12     | Noticed a boulder beetle
 19632 | Lair:1   | Entered Level 1 of the Lair of Beasts
 20236 | Lair:1   | Found a large runed translucent door.
 20236 | Lair:1   | Found a large runed translucent door.
 20241 | Lair:1   | Noticed DearestLeader's ghost (journeyman GnFi)
 20364 | Lair:1   | Noticed an eight-headed hydra
 20403 | Lair:1   | Killed an eight-headed hydra
 20404 | Lair:1   | Reached skill level 16 in Spellcasting
 20404 | Lair:1   | Reached XP level 12. HP: 62/62 MP: 8/34
 21463 | Lair:2   | Noticed a seven-headed hydra
 21697 | Lair:2   | Noticed a five-headed hydra
 21782 | Lair:1   | Killed a seven-headed hydra
 22165 | Lair:1   | Reached skill level 17 in Spellcasting
 22267 | Lair:1   | Reached skill level 5 in Translocations
 22418 | Lair:2   | Killed a five-headed hydra
 23410 | Lair:2   | Found a staircase to the Swamp.
 23920 | Lair:2   | Reached skill level 18 in Spellcasting
 24021 | Lair:2   | Reached skill level 5 in Fire Magic
 24503 | Lair:3   | Noticed Rupert
 24548 | Lair:3   | Noticed Nergalle
 24555 | Lair:3   | Noticed a five-headed hydra
 24564 | Lair:3   | Killed Nergalle
 24604 | Lair:3   | Killed a five-headed hydra
 25245 | Lair:3   | Found a hole to the Spider Nest.
 25342 | Lair:3   | Reached XP level 13. HP: 57/67 MP: 12/37
 25684 | Lair:3   | Identified the ring "Zotop" {Wiz Contam Int+3 Dex+4 SInv}
 28357 | Lair:5   | Noticed Sonja
 28629 | Lair:5   | Killed Sonja
 28909 | Lair:5   | Found a viscous altar of Jiyva.
 28909 | Lair:5   | Found a staircase to the Slime Pits.
 29240 | Lair:5   | Reached skill level 19 in Spellcasting
 29817 | Lair:6   | Entered Level 6 of the Lair of Beasts
 31677 | Lair:6   | Noticed a dire elephant
 33270 | Lair:6   | Reached skill level 20 in Spellcasting
 34567 | Lair:6   | Reached XP level 14. HP: 71/72 MP: 4/40
 35482 | D:6      | Killed maxonian's ghost
 35965 | D:1      | Bought the Incunabulum of Arcane Weapons and Earth for 504
                  | gold pieces
 35965 | D:1      | Reached skill level 1 in Bows
 35965 | D:1      | Reached skill level 1 in Earth Magic
 35965 | D:1      | Reached XP level 15. HP: 76/76 MP: 41/41
 35996 | D:2      | Learned a level 4 spell: Iskenderun's Mystic Blast
 36003 | D:2      | Learned a level 6 spell: Dispersal
 36262 | Orc:1    | Entered Level 1 of the Orcish Mines
 36755 | Orc:2    | Entered Level 2 of the Orcish Mines
 38470 | Orc:2    | Noticed an orc warlord
 39058 | Orc:1    | Killed an orc warlord
 39707 | Orc:2    | Found a staircase to the Elven Halls.
 40014 | Orc:2    | Learned a level 3 spell: Inner Flame
 40233 | Orc:2    | Found Duiklaaff's Assorted Antiques.
 40241 | Orc:2    | Bought a twisted dagger for 140 gold pieces
 40241 | Orc:2    | Identified the +4 dagger of Dismemberment {spect, rCorr
                  | Int+3} (You bought it in a shop on level 2 of the Orcish
                  | Mines)
 40241 | Orc:2    | Bought a clouded silver ring for 100 gold pieces
 40241 | Orc:2    | Identified the ring "Qorom" {Drain +Blink Fly EV+4} (You
                  | bought it in a shop on level 2 of the Orcish Mines)
 41216 | Orc:2    | Reached skill level 21 in Spellcasting
 41460 | Orc:2    | Found Feaguops's General Store.
 41461 | Orc:2    | Found Witoqach's Book Shoppe.
 41463 | Orc:2    | Found Acurioklao's Antique Armour Emporium.
 41463 | Orc:2    | Found Guowis's Antique Weapon Emporium.
 41479 | Orc:2    | Bought a steaming leather armour for 210 gold pieces
 41479 | Orc:2    | Identified the +1 leather armour "Jeijonamira" {rF+++ Will+
                  | Int+2 Dex-5} (You bought it in a shop on level 2 of the
                  | Orcish Mines)
 41480 | Orc:2    | Bought a glimmering shortbow for 256 gold pieces
 41480 | Orc:2    | Identified the +9 shortbow of Reulupp {flame, rPois rF+}
                  | (You bought it in a shop on level 2 of the Orcish Mines)
 41999 | D:12     | Reached skill level 1 in Hexes
 43124 | D:12     | Noticed Maurice
 43135 | D:12     | Killed Maurice
 44837 | Orc:2    | Bought a Fen Folio for 630 gold pieces
 45344 | Swamp:1  | Entered Level 1 of the Swamp
 46094 | Lair:2   | Learned a level 5 spell: Summon Forest
 46102 | Lair:2   | Learned a level 7 spell: Summon Hydra
 46158 | Spider:1 | Entered Level 1 of the Spider Nest
 46203 | Spider:1 | Slain by a pharaoh ant

Illustrated notes

Levels and vault maps discovered:
D:1:      nzn_arrival_settlement, layout_basic, serial_shops,
          nicolae_shop_advertising_works [nicolae_subvault_shop_adworks],
          minmay_misc_feat_four_crosses
D:2:      layout_basic, basic_ecumenical_altar, basic_altar
D:3:      layout_loops_ring, okawaru_metal_pillars_1_2, minmay_quadrilaterals
D:4:      layout_basic, ashenzari_altar_1, minmay_fractal_squares_gapless_5,
          uniq_crazy_yiuf_cottage
D:5:      minmay_bubble_buster, layout_loops_ring
D:6:      layout_loops_cross, gammafunk_ghost_necromancy, serial_shops, shop,
          grunt_ministairs_12
D:7:      layout_rooms, minmay_temple_entry_fiery, enter_bailey_7,
          minmay_misc_feat_rows, minmay_checkerbox
D:8:      layout_cave_pools, nicolae_sif_muna_condensation, serial_shops,
          nicolae_shop_stone, roderic_serpentine_path
D:9:      layout_gridville, orc_0_dummy, gammafunk_ghost_smash,
          minmay_misc_feat_plants, minmay_misc_feat_square
D:10:     layout_cave_pools, st_stairs_10, uniq_urug
D:11:     layout_stronghold, grunt_lair_entry_orc_guard_hut
D:12:     layout_cave_pods, minmay_the_grid_2x2 [minmay_the_grid_all_tris,
          minmay_the_grid_eight, minmay_the_grid_tiny_cups,
          minmay_the_grid_prize_big_room], uniq_maurice
Temple:   mainiacjoe_temple_bowtie_tessellation
Lair:1:   layout_regular_city, ebering_ghost_disaster_area,
          infiniplex_staircase_pool_2
Lair:2:   layout_chaotic_city, minmay_swamp_entry_worms, minmay_shattered_shrine
Lair:3:   layout_layer_cave, spider_nest_entry_webs, bh_autumn_forest_stairs,
          uniq_rupert, uniq_nergalle
Lair:4:   layout_cave_pods, minmay_lair_oklob_bushes, lemuel_fruit_fields
Lair:5:   layout_cave_pods, dpeg_slime_entry_enclosed_altar, grunt_megastairs_5,
          uniq_sonja
Lair:6:   evil_forest, layout_gridlike, serial_bayou_shore_b
Swamp:1:  layout_basic_swamp, nicolae_swamp_big_swirl, swamp_pool2
Spider:1: nicolae_spider_hilbert_zone_3 [nicolae_spider_hilbert_4_sides_2_open,
          nicolae_spider_hilbert_3_sides_1_open,
          nicolae_spider_hilbert_3_sides_1_open,
          nicolae_spider_hilbert_3_sides_1_open,
          nicolae_spider_hilbert_3_sides_1_open,
          nicolae_spider_hilbert_4_sides_1_open,
          nicolae_spider_hilbert_4_sides_1_open,
          nicolae_spider_hilbert_4_sides_1_open,
          nicolae_spider_hilbert_4_sides_1_open,
          nicolae_spider_hilbert_4_sides_1_open,
          nicolae_spider_hilbert_4_sides_1_open,
          nicolae_spider_hilbert_4_sides_1_open,
          nicolae_spider_hilbert_4_sides_1_open,
          nicolae_spider_hilbert_3_sides_1_open,
          nicolae_spider_hilbert_3_sides_1_open,
          nicolae_spider_hilbert_3_sides_1_open,
          nicolae_spider_hilbert_3_sides_1_open], uniq_louise, uniq_azrael,
          uniq_roxanne
Orc:1:    layout_caves, basic_altar
Orc:2:    st_orc_congregation, layout_caves, serial_shops, shop

Skill      XL: |  1  2  3  4  5  6  7  8  9 10 11 12 13 14 15 |
---------------+----------------------------------------------+-----
Spellcasting   | 5 6 7 9 10 12 14 16 18 20 21 | 21.5
Dodging        | 3 4 5 6 7 8 9 |  9.1
Conjurations   | 2 3 5 6 8 10 11 12 13 14 | 14.4
Short Blades   | 1 |  1.3
Fire Magic     | 1 2 3 5 6 |  6.6
Air Magic      | 1 2 3 4 |  4.3
Poison Magic   | 1 2 3 4 |  4.4
Ice Magic      | 1 2 |  2.8
Translocations | 2 3 4 5 6 7 |  7.3
Armour         | 1 2 3 4 |  4.9
Evocations     | 1 3 4 |  4.6
Fighting       | 1 2 |  2.9
Stealth        | 3 4 |  4.9
Bows           | 1 |  1.0
Earth Magic    | 1 |  1.2
Hexes          | 2 |  2.8
Summonings     | 2 |  2.3
Long Blades    | |  0.5
Axes           | |  0.4
Maces & Flails | |  0.3
Polearms       | |  0.7
Staves         | |  0.6
Slings         | |  0.9
Crossbows      | |  0.5
Throwing       | |  0.6
Shields        | |  0.4
Unarmed Combat | |  0.4
Necromancy     | |  0.9
Transmutations | |  0.7
Invocations    | |  0.7

Action                   |  1- 3 |  4- 6 |  7- 9 | 10-12 | 13-15 || total
-------------------------+-------+-------+-------+-------+-------++-------
Melee: Dagger            |     4 |       |     1 |     1 |       ||     6
       Staff             |       |       |       |     2 |       ||     2
       Spear             |       |       |       |     9 |     5 ||    14
 Cast: Magic Dart        |   111 |   177 |   421 |   955 |  1572 ||  3236
       Conjure Flame     |       |     7 |    27 |   123 |    74 ||   231
       Mephitic Cloud    |       |     2 |    11 |    46 |    55 ||   114
       Blink             |       |     1 |    22 |    56 |    88 ||   167
       Ozocubu's Armour  |       |       |       |     1 |    17 ||    18
       Iskenderun's Myst |       |       |       |       |   109 ||   109
       Inner Flame       |       |       |       |       |    41 ||    41
       Summon Forest     |       |       |       |       |     1 ||     1
Invok: Call Merchant     |       |       |       |     2 |     3 ||     5
 Abil: Evoke Invisibilit |       |       |       |       |     1 ||     1
Evoke: Wand              |       |       |    12 |    54 |    57 ||   123
       Phantom mirror    |       |       |       |     1 |     2 ||     3
  Use: Scroll            |       |     2 |    15 |     6 |     8 ||    31
       Potion            |       |       |       |     1 |     6 ||     7
 Stab: Paralysed         |       |       |       |     9 |       ||     9
Armor: Robe              |     3 |       |     4 |       |       ||     7
       Leather armour    |       |    17 |       |       |       ||    17
       Troll leather arm |       |       |    31 |   172 |   214 ||   417
Dodge: Dodged            |    13 |    39 |   152 |   341 |   689 ||  1234
